 Dungeon Crawl Stone Soup version 0.29.1-1-gd02db6906a (webtiles) character file.

Game seed: 11407525085701862160

1509 tardwrangler69 the Cleaver (level 8, -5/74 HPs)
             Began as a Minotaur Chaos Knight on Sept 28, 2022.
             Was a Plaything of Xom.
             Slain by an ice devil (17 damage)
             ... summoned by Xom
             ... on level 5 of the Dungeon.
             The game lasted 00:06:48 (5372 turns).

tardwrangler69 the Cleaver (Minotaur Chaos Knight)  Turns: 5372, Time: 00:06:49

Health: -5/74      AC: 11    Str: 19    XL:     8   Next: 53%
Magic:  7/7        EV: 11    Int:  9    God:    Xom [.....*]
Gold:   267        SH:  0    Dex: 13    Spells: 7/7 levels left

rFire   + . .      SeeInvis +   a - +0 hand axe (chaos)
rCold   . . .      Faith    .   (no shield)
rNeg    . . .      Spirit   .   n - +1 leather armour "Wybriatt" {rCorr Dex+3 SInv}
rPois   .          Reflect  .   (helmet unavailable)
rElec   +          Harm     .   (no cloak)
rCorr   +          Rampage  .   (no gloves)
Will    .....      Clarity  +   (no boots)
Stlth   +.........              (no amulet)
HPRegen 0.22/turn               q - +4 ring of protection
MPRegen 0.10/turn               s - ring of flight

@: flying
A: horns 3, retaliatory headbutt, iridescent scales 1, clarity, fire resistance
1, mutation resistance 1, shaggy fur 1, electricity resistance, sturdy frame 1
a: Renounce Religion


You were on level 5 of the Dungeon.
You worshipped Xom.
You were Xom's teddy bear.
You visited 1 branch of the dungeon, and saw 6 of its levels.

You collected 267 gold pieces.

Inventory:

Hand Weapons
 a - a +0 hand axe of chaos (weapon)
 B - a +0 hand axe
Armour
 n - the +1 leather armour "Wybriatt" (worn) {rCorr Dex+3 SInv}
   (You found it on level 2 of the Dungeon)

   Dex:       It affects your dexterity (+3).
   SInv:      It lets you see invisible.
   rCorr:     It protects you from acid and corrosion.
 v - a +1 ring mail of fire resistance
Jewellery
 q - a +4 ring of protection (left hand)
 s - a ring of flight (right hand)
 t - a ring of see invisible
 C - a ring of ice
 D - an amulet of regeneration
Wands
 y - a wand of flame (7)
Scrolls
 b - a scroll of torment {unknown}
 d - 2 scrolls of teleportation {unknown}
 f - 5 scrolls of identify {unknown}
 g - a scroll of enchant armour {unknown}
 j - a scroll of fog {unknown}
 l - a scroll of enchant weapon {unknown}
 p - a scroll of fear {unknown}
 x - a scroll of poison {unknown}
 A - 2 scrolls of amnesia {unknown}
Potions
 e - 3 potions of attraction
 h - a potion of berserk rage
 i - 2 potions of curing
 k - 2 potions of magic
 m - 2 potions of degeneration {unknown}
 o - 2 potions of heal wounds {unknown}
 r - a potion of lignification {unknown}
 u - a potion of brilliance {unknown}
 w - a potion of mutation {unknown}
 z - a potion of flight {unknown}
Miscellaneous
 c - a piece from Xom's chessboard (15/15) (quivered)


   Skills:
 + Level 8.2 Fighting
 * Level 11.1 Axes
 - Level 2.4 Armour
 - Level 1.1 Dodging


You had 7 spell levels left.
You didn't know any spells.
Your spell library contained the following spells:

 Spells                   Type           Power      Damage    Failure   Level
 Ensorcelled Hibernation  Hex/Ice        0%         N/A       54%         2
 Passwall                 Tmut/Erth      0%         N/A       54%         2
 Sublimation of Blood     Necr           0%         N/A       54%         2
 Inner Flame              Hex/Fire       0%         N/A       77%         3
 Swiftness                Air            0%         N/A       77%         3
 Cause Fear               Hex            0%         N/A       99%         4
 Petrify                  Tmut/Erth      0%         N/A       99%         4
 Irradiate                Conj/Tmut      0%         3d11      100%        5
 Discord                  Hex            0%         N/A       100%        8


Dungeon Overview and Level Annotations

Branches:
Dungeon (6/15)             Temple (0/1) D:4

Altars:
Ashenzari
Nemelex Xobeh
Xom
Yredelemnul

Shops:
D:1 (

Annotations:
D:3 exclusion: downstairs
D:5 exclusion: downstairs
D:6 Blork the orc


Innate Abilities, Weirdness & Mutations

You have a pair of large horns on your head.
You reflexively headbutt those who attack you in melee.
You are partially covered in iridescent scales. (AC +2)
You possess an exceptional clarity of mind.
Your flesh is heat resistant. (rF+)
You are somewhat resistant to further mutation.
You are covered in fur. (AC +1)
You are resistant to electric shocks. (rElec)
Your movements are slightly less encumbered by armour. (ER -2)


Message History

You feel sick.
The water moccasin bites you but does no damage.
You closely miss the water moccasin. You headbutt the water moccasin.
You kill the water moccasin!
You feel sick.
Your Axes skill increases to level 11!
You start resting.
You feel sick. x7
You are no longer poisoned.
You start resting. "Fight to survive, mortal."
There are monsters nearby!
The crimson imp hits you but does no damage.
You see here a water moccasin corpse.
You barely miss the crimson imp. Your headbutt misses the crimson imp.
You hit the white imp. You hit the ice devil. You burn the ice devil.
Press: ? - help, v - describe, . - travel
Here: an ice devil (lightly wounded, summoned)
The floor.
Okay, then.
It was a potion of curing.
You feel better.
Xom thinks this is hilarious!
The white imp gestures at you. The puff of frost misses you.
The puff of frost hits the crimson imp!
The crimson imp is frozen!
The crimson imp hits you but does no damage.
The ice devil hits you. The ice devil freezes you!!
It was a potion of magic.
Magic courses through your body.
The white imp picks up a beetle and eats it.
The white imp hits you. The white imp freezes you.
The crimson imp blinks!
The ice devil hits you!
* * * LOW HITPOINT WARNING * * *
The ice devil freezes you!
* * * LOW HITPOINT WARNING * * *
Okay, then.
You feel better. The white imp gestures at you. The puff of frost misses you.
The ice devil hits you.
* * * LOW HITPOINT WARNING * * *
The ice devil freezes you!
You die...

#.#####....######'## #.# ##.#
#....#.......# #.# ##.#
#....#.......# #.#
##.######.###.......# #.#
##.##.....# ######'## #.#
##.##.....########.## #.# #####
....................# #.# #....
#####....##############.# #.###
.........'.....§@555..#.# ###.#
#####....########4.##.#.# #<#.#
###### #..##.#.# #.#.# #######
#..##.#.# #.#.# #.....#
#..##.#.###.#.# #.....#
#..##.....†.#.### #####.....#
#..####.......#.. ..........#
#...............#
..........#######.###############


You could see an ice devil (summoned), an iron imp (summoned), a crimson imp
(summoned) and a white imp (summoned).

Vanquished Creatures
  A naga (D:3)
  3 water moccasins (D:5)
  An ogre (D:5)
  A kobold brigand (D:6)
  A necrophage (D:5)
  3 scorpions
  A hound (D:5)
  A gnoll bouda (D:5)
  An orc priest (D:5)
  Terence (D:3)
  An iguana (D:5)
  4 orc wizards
  6 gnolls
  8 adders
  An ufetubus (D:4)
  A dart slug (D:2)
  19 orcs
  2 endoplasms (D:1)
  4 giant cockroaches
  14 goblins
  6 hobgoblins
  A quokka (D:2)
  9 ball pythons
  7 bats
  4 frilled lizards
  10 kobolds
  4 rats
115 creatures vanquished.

Vanquished Creatures (collateral kills)
  Prince Ribbit (D:6)
  A jelly (D:6)
  An orc (D:6)
  2 kobolds (D:6)
  A rat (D:2)
6 creatures vanquished.

Vanquished Creatures (others)
  A fungus (D:2)
  4 plants
5 creatures vanquished.

Grand Total: 126 creatures vanquished

Notes
Turn   | Place    | Note
-------+----------+-------------------------------------------
     0 | D:1      | tardwrangler69 the Minotaur Chaos Knight began the quest
                  | for the Orb.
     0 | D:1      | Reached XP level 1. HP: 19/19 MP: 0/0
    24 | D:1      | Reached skill level 4 in Axes
    24 | D:1      | Reached XP level 2. HP: 20/27 MP: 1/1
   238 | D:1      | Found Xygid's Weapon Shoppe.
   388 | D:1      | XOM: silly message
   424 | D:1      | XOM: divination: detect items
   634 | D:1      | Reached XP level 3. HP: 33/33 MP: 2/2
   891 | D:2      | Reached skill level 5 in Axes
   931 | D:2      | Identified the +1 leather armour "Wybriatt" {rCorr Dex+3
                  | SInv}
   958 | D:2      | Found a faded altar of an unknown god.
  1121 | D:2      | Reached XP level 4. HP: 40/41 MP: 3/3
  1566 | D:3      | Noticed Terence
  1576 | D:3      | Killed Terence
  1708 | D:3      | XOM: scenery: summon butterflies
  1769 | D:3      | Noticed a naga
  1769 | D:3      | a worm changed into a naga
  1769 | D:3      | XOM: scenery: summon butterflies
  1777 | D:3      | Killed a naga
  1778 | D:3      | Reached skill level 5 in Fighting
  1778 | D:3      | Reached skill level 6 in Axes
  1778 | D:3      | Reached XP level 5. HP: 37/48 MP: 4/4
  2050 | D:3      | XOM: give mutations
  2050 | D:3      | Gained mutation: You have a pair of large horns on your
                  | head. [Xom's grace]
  2050 | D:3      | Gained mutation: You are covered in fur. (AC +1) [Xom's
                  | grace]
  2065 | D:3      | XOM: 5-stop teleportation journey
  2611 | D:3      | XOM: give mutations
  2611 | D:3      | Gained mutation: You possess an exceptional clarity of
                  | mind. [Xom's grace]
  2611 | D:3      | Gained mutation: You are partially covered in iridescent
                  | scales. (AC +2) [Xom's grace]
  2668 | D:4      | Reached skill level 7 in Axes
  2668 | D:4      | Reached XP level 6. HP: 56/56 MP: 5/5
  2720 | D:4      | XOM: cloud trail
  2872 | D:4      | Found a staircase to the Ecumenical Temple.
  3059 | D:4      | Found a basalt altar of Yredelemnul.
  3115 | D:4      | You are sucked into a shaft and drop 1 floor!
  3115 | D:5      | Entered Level 5 of the Dungeon
  3264 | D:5      | Found a sparkling altar of Nemelex Xobeh.
  3372 | D:4      | Reached skill level 8 in Axes
  3375 | D:4      | XOM: give mutations
  3375 | D:4      | Gained mutation: You are resistant to electric shocks.
                  | (rElec) [Xom's grace]
  3375 | D:4      | Gained mutation: Your movements are slightly less
                  | encumbered by armour. (ER -2) [Xom's grace]
  3375 | D:4      | Gained mutation: You are somewhat resistant to further
                  | mutation. [Xom's grace]
  3375 | D:4      | Gained mutation: Your flesh is heat resistant. (rF+) [Xom's
                  | grace]
  3393 | D:4      | XOM: scenery: summon butterflies
  3494 | D:4      | XOM: 2-stop teleportation journey
  3769 | D:4      | Reached XP level 7. HP: 63/63 MP: 6/6
  3829 | D:4      | Found a broken altar of Ashenzari.
  3838 | D:4      | XOM: divination: magic mapping
  4151 | D:5      | XOM: scenery: create altars
  4152 | D:5      | XOM: smoke on damage
  4154 | D:5      | Reached skill level 9 in Axes
  4355 | D:5      | XOM: fake destruction
  4863 | D:5      | XOM: divination: detect creatures
  4949 | D:5      | XOM: polymorph scorpion -> water moccasin
  4957 | D:5      | XOM: scenery: 1 doors close
  4961 | D:5      | Reached XP level 8. HP: 68/73 MP: 7/7
  4964 | D:5      | Reached skill level 10 in Axes
  5055 | D:6      | Noticed Prince Ribbit
  5058 | D:6      | XOM: summons 8 friendly demons
  5068 | D:6      | Killed Prince Ribbit
  5153 | D:6      | Noticed Blork the orc
  5159 | D:6      | XOM: potion effect (haste)
  5230 | D:5      | Reached skill level 11 in Axes
  5367 | D:5      | XOM: summons 4 hostile demons
  5368 | D:5      | Noticed an ice devil
  5372 | D:5      | Slain by an ice devil

Illustrated notes

Levels and vault maps discovered:
D:1:      mrwooster_arrival_statue_3, layout_basic, serial_shops,
          nicolae_shop_hallway_stairs, minmay_pentomino_v4
D:2:      layout_rooms, shapermc_ecumenical_altar_mp_ritualfount
D:3:      layout_basic, serial_rivers, chequers_serial_rivers_large_a,
          chequers_serial_rivers_large_b, chequers_serial_rivers_small_3,
          chequers_serial_rivers_micro_d, chequers_serial_rivers_small_3,
          solitary_fountain, uniq_terence
D:4:      layout_cave_pods, old_standard_altar, lemuel_tele_altar,
          minmay_temple_entry_gardened_gates, grunt_decor_junction,
          serial_bayou_ford_a
D:5:      layout_basic, nemelex_altar_shiori
D:6:      layout_cave_pods, serial_shops, nicolae_shop_trees,
          minmay_curled_crystal, uniq_maggie, uniq_prince_ribbit1,
          uniq_blork_the_orc, uniq_edmund

Skill      XL: |  1  2  3  4  5  6  7  8 |
---------------+-------------------------+-----
Axes           | 4 5 6 7 8 9 11 | 11.1
Fighting       | 4 5 6 7 8 |  8.2
Armour         | |  2.4
Dodging        | |  1.1

Action                   |  1- 3 |  4- 6 |  7- 9 || total
-------------------------+-------+-------+-------++-------
Melee: Hand axe          |    62 |   117 |    96 ||   275
       Headbutt          |    10 |    18 |    13 ||    41
  Use: Potion            |       |     2 |     3 ||     5
 Stab: Sleeping          |       |     1 |     1 ||     2
       Petrifying        |       |       |     1 ||     1
       Distracted        |       |       |     1 ||     1
Armor: Leather armour    |    32 |    47 |    26 ||   105
Dodge: Dodged            |    37 |    78 |    46 ||   161
